 Dungeon Crawl Stone Soup version 0.30-a0-1160-g6e42c06551 (webtiles) character file.

Game seed: 15962251248555318679

4104 Sobieck the Slicer (level 10, -5/53 HPs)
             Began as a Vine Stalker Fighter on Apr 25, 2023.
             Was a Believer of Wu Jian.
             Slain by a freezing wraith (12 damage)
             ... on level 1 of the Abyss.
             The game lasted 00:14:13 (5742 turns).

Sobieck the Slicer (Vine Stalker Fighter)           Turns: 5742, Time: 00:14:14

Health: -5/53      AC: 12    Str: 18    XL:     10   Next: 26%
Magic:  0/11       EV: 16    Int:  8    God:    Wu Jian [**....]
Gold:   243        SH:  6    Dex: 19    Spells: 9/9 levels left

rFire   . . .        a - +2 short sword (venom) {short}
rCold   . . .        c - +0 buckler
rNeg    . . .        b - +0 scale mail
rPois   +            x - +0 helmet
rElec   .            o - +1 cloak
rCorr   .            t - +0 pair of gloves
SInv    .            i - +0 pair of boots
Will    +....        (no amulet)
Stlth   ++           g - +5 ring of evasion
HPRegen 1.08/turn    s - ring of poison resistance
MPRegen 0.12/turn

%: guardian spirit
@: about to teleport, slowed, invisible, very slow
A: fangs 3, regeneration 1, magic shield, antimagic bite, no potion heal 2
a: Renounce Religion, Wall Jump


You were on level 1 of the Abyss.
You worshipped Wu Jian.
Wu Jian was pleased with you.
You visited 1 branch of the dungeon, and saw 8 of its levels.
You visited the Abyss 1 time.
You also visited: Sewer.

You collected 288 gold pieces.
You spent 45 gold pieces at shops.


Innate Abilities, Weirdness & Mutations

You have razor-sharp teeth.
Your natural rate of healing is unusually fast.
When hurt, damage is shared between your health and your magic reserves.
Your bite disrupts and absorbs the magic of your enemies.
Potions cannot restore your health.


   Skills:
 + Level 5.8 Fighting
 * Level 9.5 Short Blades
 - Level 2.4 Armour
 - Level 4.0 Dodging
 - Level 6.0 Stealth
 + Level 5.7 Shields


You had 9 spell levels left.
You didn't know any spells.
Your spell library contained the following spells:

 Spells                   Type           Power      Damage    Failure   Level
 Beastly Appendage        Tmut           0%         N/A       86%         1
 Foxfire                  Conj/Fire      0%         2x1d4     86%         1
 Wereblood                Tmut           0%         N/A       95%         2
 Ozocubu's Armour         Ice            0%         N/A       99%         3
 Portal Projectile        Hex/Tloc       0%         N/A       99%         3
 Spider Form              Tmut/Pois      0%         N/A       99%         3
 Volatile Blastmotes      Fire/Tloc      0%         2d10      99%         3
 Animate Dead             Necr           0%         N/A       100%        4
 Metabolic Englaciation   Hex/Ice        0%         N/A       100%        5
 Summon Mana Viper        Hex/Summ       0%         N/A       100%        5
 Yara's Violent Unravell  Hex/Tmut       0%         3d3       100%        5
 Simulacrum               Ice/Necr       0%         N/A       100%        6
 Haunt                    Necr/Summ      0%         N/A       100%        7
 Infestation              Necr           0%         N/A       100%        8

Inventory:

Hand Weapons
 a - a +2 short sword of venom (weapon) {short}
   (You found it on level 1 of the Dungeon)
 j - a +0 rapier {short}
Missiles
 f - 63 stones (quivered) {throwing}
 y - 5 poisoned darts {throwing}
 K - 4 throwing nets {=f!fthrowing}
 Z - 3 boomerangs {throwing}
Armour
 b - a +0 scale mail (worn)
 c - a +0 buckler (worn)
 e - a +0 scale mail
   (You found it on level 4 of the Dungeon)
 i - a +0 pair of boots (worn)
   (You bought it in a shop on level 5 of the Dungeon)
 k - a +0 ring mail
   (You found it on level 1 of the Dungeon)
 o - a +1 cloak (worn)
   (You found it on level 2 of the Dungeon)
 p - a +0 ring mail
   (You found it on level 2 of the Dungeon)
 r - a +0 ring mail
   (You found it on level 2 of the Dungeon)
 t - a +0 pair of gloves (worn)
   (You found it on level 3 of the Dungeon)
 x - a +0 helmet (worn)
   (You found it on level 7 of the Dungeon)
 B - a +0 ring mail
   (You found it in a sewer)
 G - a +0 ring mail
   (You took it off an orc on level 5 of the Dungeon)
 I - a +0 chain mail
   (You took it off an orc on level 5 of the Dungeon)
 M - a +0 leather armour
   (You took it off a gnoll bouda on level 6 of the Dungeon)
 N - a +0 robe
   (You took it off an orc wizard on level 6 of the Dungeon)
 O - a +0 chain mail
   (You took it off an orc warrior on level 7 of the Dungeon)
 P - a +0 robe
   (You took it off an orc wizard on level 7 of the Dungeon)
 Q - a +0 robe
   (You took it off an orc wizard on level 7 of the Dungeon)
 R - a +0 robe
   (You found it on level 7 of the Dungeon)
 S - a +0 robe
   (You took it off an orc wizard on level 7 of the Dungeon)
 T - a +0 robe
   (You took it off an orc wizard on level 7 of the Dungeon)
 V - a +0 robe
   (You took it off an orc wizard on level 7 of the Dungeon)
 X - a +0 leather armour
   (You took it off an orc on level 7 of the Dungeon)
 Y - a +1 plate armour of positive energy
   (You took it off an orc warrior on level 7 of the Dungeon)
Magical Staves
 z - a staff of cold {!astaff}
   (You found it on level 3 of the Dungeon)
Jewellery
 g - a +5 ring of evasion (left hand)
   (You found it on level 1 of the Dungeon)
 s - a ring of poison resistance (right hand)
   (You found it on level 7 of the Dungeon)
 u - a ring of ice
   (You found it on level 3 of the Dungeon)
Wands
 d - a wand of flame (25)
   (You took it off a goblin on level 7 of the Dungeon)
 v - a wand of paralysis (22)
   (You found it on level 4 of the Dungeon)
 L - a wand of quicksilver (9)
   (You found it on level 6 of the Dungeon)
Scrolls
 h - 5 scrolls of teleportation {@r4}
 l - 2 scrolls of magic mapping {unknown}
 q - a scroll of immolation {!r!r}
 C - 4 scrolls of fog
 F - a scroll of noise {!r}
Potions
 m - a potion of heal wounds {unknown}
 n - 3 potions of curing {@q1}
 w - 2 potions of flight {unknown}
 D - a potion of cancellation {unknown}
 E - 2 potions of brilliance {unknown}
 H - a potion of attraction {!q}
 J - a potion of haste {unknown}
 U - 3 potions of lignification {unknown}
 W - a potion of ambrosia {unknown}

Dungeon Overview and Level Annotations

Branches:
Dungeon (8/15) Zot: 26852  Temple (0/1) D:6           Sewer (visited)
   Lair: D:8-11

Altars:
Ashenzari
Kikubaaqudgha
Okawaru
Ru
Vehumet
Wu Jian

Shops:
D:5 [   D:7 :

Annotations:
D:7 book store

.................
..................
....... .......
#.... #.....#
##...###..x## .
.#.....#.....#..~
...............~~
.......5.......≈~~
......5@W.....~~~~
.#.....#.X...~~~~~
##...###...~~≈~≈~
#.... ....~~~~~~
..... ...~~≈~~~
..... ..~~~≈~≈~
.... ..~~~~~♣~~
.#.. ≈~~~


You could see a thrashing horror (unable to see you), a freezing wraith, a
worldbinder (unable to see you), an iron imp (unable to see you) and an ufetubus
(unable to see you).


Message History

Found a corrupted altar of Lugonu.
Found a gateway leading deeper into the Abyss.
Unknown command.
Danger!
Unknown command.
A fire bat comes into view.
The fire bat bites you but does no damage.
You hit the fire bat.
The fire bat is poisoned.
Your bite misses the fire bat. The fire bat completely misses you.
Unknown command.
You closely miss the fire bat. Your bite misses the fire bat.
You block the fire bat's attack.
You spin and attack the fire bat repeatedly.
You miss the fire bat. Your bite misses the fire bat.
You closely miss the fire bat. You bite the fire bat. You drain its power.
You spin and attack the fire bat repeatedly.
You hit the fire bat.
The fire bat is poisoned.
You closely miss the fire bat. The fire bat misses you.
The fire bat bites you but does no damage.
Unknown command.
Unknown command.
The fire bat bites you but does no damage. x2
The fire bat bites you.
You are engulfed in flames.
Unknown command.
You spin and attack the fire bat repeatedly.
You hit the fire bat but do no damage.
The fire bat looks as sick as possible!
You hit the fire bat. Your bite misses the fire bat.
The fire bat barely misses you. You block the fire bat's attack.
Unknown command.
The fire bat bites you but does no damage.
You block the fire bat's attack.
Unknown command.
You lunge at the fire bat.
You hit the fire bat but do no damage. Your bite misses the fire bat.
You spin and attack the fire bat repeatedly.
You closely miss the fire bat. You bite the fire bat.
You kill the fire bat!
The Council accepts your kill. The fire bat barely misses you.
The fire bat misses you.
Unknown command.
You barely miss the fire bat. You bite the fire bat. You drain its power.
You feel invigorated. The fire bat misses you.
You barely miss the fire bat. You bite the fire bat!
You kill the fire bat!
The Council accepts your kill.
Unknown command.
The ufetubus shouts!
You hear a roar!
Danger!
A thrashing horror comes into view.
You lunge at the freezing wraith, in a flurry of attacks.
The iron imp shouts!
You hit the freezing wraith but do no damage.
Your bite misses the freezing wraith.
You hit the freezing wraith but do no damage.
You bite the freezing wraith! You drain its power.
You hear a shout!
The freezing wraith hits you but does no damage.
The freezing wraith hits you! The freezing wraith drains your vigour!
You feel yourself slow down.
The thrashing horror roars!
You hit the freezing wraith but do no damage.
You hit the freezing wraith but do no damage.
Your bite misses the freezing wraith. The freezing wraith hits you.
The freezing wraith freezes you!!
* * * LOW HITPOINT WARNING * * *
You block the freezing wraith's attack.
Unknown command.
Unknown command.
You spin and attack the freezing wraith repeatedly.
You hit the freezing wraith but do no damage.
Your bite misses the freezing wraith.
You hit the freezing wraith but do no damage.
Your bite misses the freezing wraith. The thrashing horror tramples you!
* * * LOW HITPOINT WARNING * * *
You stumble backwards!
The iron imp hits you.
* * * LOW HITPOINT WARNING * * *
The thrashing horror barely misses you.
The thrashing horror tramples you but does no damage.
A worldbinder comes into view.
As you read the scroll of teleportation {@r4}, it crumbles to dust.
You feel strangely unstable.
You feel the power of the Abyss delaying your translocation!
The thrashing horror tramples you!
* * * LOW HITPOINT WARNING * * *
You hold your ground!
You block the thrashing horror's attack.
The ufetubus closely misses you.
The ufetubus hits you but does no damage.
You block the freezing wraith's attack. The freezing wraith misses you.
The ufetubus misses you. The ufetubus completely misses you.
The iron imp misses you. The freezing wraith barely misses you.
You block the freezing wraith's attack. The iron imp misses you.
The ufetubus completely misses you. The ufetubus closely misses you.
You fade into invisibility!
The thrashing horror tramples you but does no damage.
The thrashing horror barely misses you. The ufetubus hits you.
* * * LOW HITPOINT WARNING * * *
The ufetubus misses you. The freezing wraith hits you!
You die...

Skill      XL: |  1  2  3  4  5  6  7  8  9 |
---------------+----------------------------+-----
Short Blades   | 2 3 4 5 6 7 9 |  9.5
Stealth        | 1 2 4 6 |  6.0
Dodging        | 1 2 4 |  4.0
Shields        | 3 4 5 |  5.7
Fighting       | 3 4 5 |  5.8
Armour         | |  2.4

Action                     |  1- 3 |  4- 6 |  7- 9 | 10-12 || total
---------------------------+-------+-------+-------+-------++-------
  Melee: Rapier            |    55 |       |       |       ||    55
         Bite              |    16 |    55 |   136 |    11 ||   218
         Short sword       |    45 |   215 |   331 |    50 ||   641
  Throw: Dart              |       |     4 |       |       ||     4
         Stone             |       |     2 |    15 |       ||    17
Ability: Lunge             |       |       |    19 |     2 ||    21
         Whirlwind         |       |       |     2 |     5 ||     7
         Wall Jump         |       |       |     6 |     1 ||     7
    Use: Scroll            |       |    10 |     3 |     1 ||    14
         Potion            |       |       |     1 |     1 ||     2
 Armour: Scale mail        |    45 |    53 |    78 |    16 ||   192
  Dodge: Dodged            |    46 |    91 |   147 |    34 ||   318
  Block: Buckler           |    14 |    38 |    63 |    12 ||   127

Levels and vault maps discovered:
D:1:      spicycebolla_green_bress_n_ham_2, layout_basic,
          hellmonk_ecumenical_altar_slurped_away, minmay_3d_cube
D:2:      minmay_alternating_diamond, layout_rooms, serial_forest,
          infiniplex_forest_straight_2, infiniplex_forest_corner_1,
          infiniplex_forest_join, infiniplex_forest_3_way
D:3:      layout_loops_ring, kiku_gazebo_pond_becter, gup_sewer_entry_bubbles,
          minmay_diced_spiral
D:4:      layout_basic, okawaru_trees_2, serial_shops, nicolae_lakefront_shop
D:5:      layout_rooms, nicolae_wu_jian_wuxing_cycle, serial_shops,
          nicolae_stop_n_shop_2
D:6:      layout_cave_pods, cheibrodos_ashenzari_chains,
          minmay_temple_entry_gardened_gates,
          hangedman_abyss_or_decor_jellyfish_corner
D:7:      layout_basic, vehumet_altar_wand_db, nicolae_ru_path_of_blood,
          serial_curves, eino_curves_03, eino_curves_02, eino_curves_02,
          eino_curves_03, kennysheep_windowed_goal
D:8:      layout_basic, minmay_lair_entry_grove, enter_bailey_5,
          gammafunk_ghost_split, eino_curves_01
Abyss:1:  base:
Bailey

Notes
Turn   | Place    | Note
-------+----------+-------------------------------------------
     0 | D:1      | Sobieck the Vine Stalker Fighter began the quest for the
                  | Orb.
     0 | D:1      | Reached XP level 1. HP: 11/11 MP: 2/2
    44 | D:1      | Reached skill level 2 in Short Blades
    95 | D:1      | Reached XP level 2. HP: 16/16 MP: 3/3
   228 | D:1      | Found a faded altar of an unknown god.
   295 | D:1      | Reached skill level 3 in Short Blades
   442 | D:1      | You pick up a book of Winter and begin reading...
   442 | D:1      | You add the spells Ozocubu's Armour, Metabolic Englaciation
                  | and Simulacrum to your library.
   529 | D:1      | Reached XP level 3. HP: 16/19 MP: 4/4
  1144 | D:2      | Gained mutation: Your natural rate of healing is unusually
                  | fast. [Vine Stalker growth]
  1144 | D:2      | Reached XP level 4. HP: 19/23 MP: 5/5
  1244 | D:2      | Reached skill level 4 in Short Blades
  1522 | D:2      | You pick up a book of Death and begin reading...
  1522 | D:2      | You add the spells Animate Dead, Haunt and Infestation to
                  | your library.
  1702 | D:3      | Reached XP level 5. HP: 27/27 MP: 6/6
  2130 | D:3      | Reached skill level 5 in Short Blades
  2153 | D:3      | Found a glowing drain.
  2164 | Sewer    | Entered a sewer
  2196 | Sewer    | Noticed Pargi
  2208 | Sewer    | Killed Pargi
  2209 | Sewer    | Reached XP level 6. HP: 31/32 MP: 7/7
  2409 | D:3      | Found an ancient bone altar of Kikubaaqudgha.
  2682 | D:4      | Reached skill level 6 in Short Blades
  2724 | D:4      | Found an iron altar of Okawaru.
  2876 | D:4      | You fall into a shaft and drop 1 floor!
  2876 | D:5      | Entered Level 5 of the Dungeon
  2876 | D:5      | Found Wezao's Armour Boutique.
  2878 | D:5      | Bought a +0 pair of boots for 45 gold pieces
  2901 | D:4      | You pick up a book of Changes and begin reading...
  2901 | D:4      | You add the spells Beastly Appendage, Wereblood and Spider
                  | Form to your library.
  3210 | D:5      | Reached skill level 1 in Stealth
  3258 | D:5      | Reached XP level 7. HP: 31/35 MP: 8/8
  3302 | D:5      | Reached skill level 1 in Dodging
  3302 | D:5      | Reached skill level 3 in Shields
  3411 | D:5      | Reached skill level 3 in Fighting
  3411 | D:5      | Reached skill level 2 in Stealth
  3494 | D:5      | Found an ornate altar of the Wu Jian Council.
  3500 | D:5      | Became a worshipper of the Wu Jian Council
  3697 | D:6      | Gained mutation: You have razor-sharp teeth. [Vine Stalker
                  | growth]
  3697 | D:6      | Reached XP level 8. HP: 34/40 MP: 9/9
  3768 | D:6      | Found a staircase to the Ecumenical Temple.
  3793 | D:6      | Reached skill level 3 in Stealth
  3799 | D:6      | Reached skill level 2 in Dodging
  3803 | D:6      | Reached skill level 7 in Short Blades
  3880 | D:6      | Found a broken altar of Ashenzari.
  4561 | D:6      | Reached * piety under Wu Jian
  4581 | D:7      | Reached skill level 4 in Fighting
  4596 | D:7      | Reached skill level 4 in Shields
  4597 | D:7      | Reached skill level 4 in Stealth
  4792 | D:7      | Reached XP level 9. HP: 41/46 MP: 10/10
  4819 | D:7      | Found Vaosot's Book Emporium.
  4891 | D:7      | Reached skill level 3 in Dodging
  4892 | D:7      | Reached skill level 8 in Short Blades
  4899 | D:7      | Reached skill level 5 in Stealth
  4969 | D:7      | Found a radiant altar of Vehumet.
  5035 | D:7      | You add the spells Foxfire, Volatile Blastmotes, Portal
                  | Projectile, Yara's Violent Unravelling and Summon Mana
                  | Viper to your library.
  5035 | D:7      | Got Sif Muna's Almanac of Combustive Beguiling
  5079 | D:7      | Found a sacrificial altar of Ru.
  5335 | D:6      | Reached ** piety under Wu Jian
  5580 | D:7      | Reached skill level 5 in Fighting
  5580 | D:7      | Reached skill level 5 in Shields
  5599 | D:7      | Reached skill level 6 in Stealth
  5627 | D:7      | Reached skill level 9 in Short Blades
  5627 | D:7      | Reached skill level 4 in Dodging
  5627 | D:7      | Reached XP level 10. HP: 51/51 MP: 9/11
  5672 | D:8      | Identified the ring "Qaenek" {rC++ rN+ Int-2 Slay+2 SInv}
  5698 | D:8      | You are cast into the Abyss!
  5698 | Abyss:1  | Found a corrupted altar of Lugonu.
  5698 | Abyss:1  | Cast into level 1 of the Abyss (orc priest)
  5736 | Abyss:1  | Noticed a thrashing horror
  5740 | Abyss:1  | HP: 12/53 [iron imp (4)]
  5740 | Abyss:1  | Noticed a worldbinder
  5742 | Abyss:1  | Slain by a freezing wraith

Vanquished Creatures
  5 yaks (D:7)
  2 fire bats (Abyss:1)
  2 basilisks (D:7)
  A steam dragon (D:7)
  4 water moccasins (D:7)
  3 orc warriors (D:7)
  An ice beast (D:5)
  A black bear (D:6)
  Pargi (Sewer)
  A sky beast (D:7)
  3 centaurs
  2 phantoms
  2 bullfrogs (D:7)
  4 scorpions
  A hound (D:6)
  3 orc priests (D:7)
  3 gnoll boudas (D:6)
  A sleepcap (D:6)
  3 iguanas
  7 orc wizards
  16 gnolls
  14 adders
  A river rat (D:3)
  2 ufetubi
  22 orcs
  3 ball pythons
  8 endoplasms
  3 giant cockroaches
  5 goblins
  8 hobgoblins
  10 jackals
  10 kobolds
  5 quokkas
  12 bats
  17 frilled lizards
  7 rats
193 creatures vanquished.

Vanquished Creatures (others)
  An orc wizard (D:7)
  An orc (D:7)
  A fungus (D:8)
  11 plants
14 creatures vanquished.

Grand Total: 207 creatures vanquished

Table legend:
 A = Non-vault XP
 B = Vault XP
 C = Vault XP percentage of total XP
 D = Non-vault monster count
 E = Vault monster count
 F = Vault count percentage of total count
                 A         B        C        D         E       F
            +---------+---------+-------+---------+---------+-------
      Total |    3190 |    2673 |  45.6 |     148 |      46 |  23.7
            +---------+---------+-------+---------+---------+-------
        D:1 |      33 |       7 |  17.5 |      21 |       5 |  19.2
        D:2 |      71 |      18 |  20.2 |      28 |       5 |  15.2
        D:3 |      78 |      66 |  45.8 |      16 |      11 |  40.7
        D:4 |      45 |       0 |   0.0 |       8 |       0 |   0.0
        D:5 |     598 |       0 |   0.0 |      13 |       0 |   0.0
        D:6 |     801 |       0 |   0.0 |      21 |       0 |   0.0
        D:7 |    1166 |    2436 |  67.6 |      39 |      16 |  29.1
    Abyss:1 |     398 |       0 |   0.0 |       2 |       0 |   0.0
      Sewer |       0 |     146 | 100.0 |       0 |       9 | 100.0
            +---------+---------+-------+---------+---------+-------

Skill      XL: |  1  2  3  4  5  6  7  8  9 |
---------------+----------------------------+-----
Short Blades   | 2 3 4 5 6 7 9 |  9.5
Stealth        | 1 2 4 6 |  6.0
Dodging        | 1 2 4 |  4.0
Shields        | 3 4 5 |  5.7
Fighting       | 3 4 5 |  5.8
Armour         | |  2.4

Action                     |  1- 3 |  4- 6 |  7- 9 | 10-12 || total
---------------------------+-------+-------+-------+-------++-------
  Melee: Rapier            |    55 |       |       |       ||    55
         Bite              |    16 |    55 |   136 |    11 ||   218
         Short sword       |    45 |   215 |   331 |    50 ||   641
  Throw: Dart              |       |     4 |       |       ||     4
         Stone             |       |     2 |    15 |       ||    17
Ability: Lunge             |       |       |    19 |     2 ||    21
         Whirlwind         |       |       |     2 |     5 ||     7
         Wall Jump         |       |       |     6 |     1 ||     7
    Use: Scroll            |       |    10 |     3 |     1 ||    14
         Potion            |       |       |     1 |     1 ||     2
 Armour: Scale mail        |    45 |    53 |    78 |    16 ||   192
  Dodge: Dodged            |    46 |    91 |   147 |    34 ||   318
  Block: Buckler           |    14 |    38 |    63 |    12 ||   127

Illustrated notes

Table legend:
 A = Kills in this place as a percentage of kills in the entire game.
 B = Kills by you in this place as a percentage of kills by you in the entire game.
 C = Kills by friends in this place as a percentage of kills by friends in the entire game.
 D = Other kills in this place as a percentage of other kills in the entire game.
 E = Experience gained in this place as a percentage of experience gained in the entire game.
 F = Experience gained in this place divided by the number of levels of this place that you have seen.
                   A       B       C       D       E      F
               +-------+-------+-------+-------+-------+----------------------
         Total | 100.0 | 100.0 |   N/A | 100.0 | 100.0 | 586.3
       Dungeon |  94.3 |  94.3 |   N/A | 100.0 |  90.7 | 664.9
         Abyss |   1.0 |   1.0 |   N/A |   0.0 |   6.8 | 398.0
         Sewer |   4.6 |   4.7 |   N/A |   0.0 |   2.5 | 146.0
               +-------+-------+-------+-------+-------+----------------------

Table legend: (Time is in decaauts)
 A = Elapsed time spent in this place.
 B = Non-inter-level travel time spent in this place.
 C = Inter-level travel time spent in this place.
 D = Time resting spent in this place.
 E = Time spent auto-exploring this place.
 F = Levels seen in this place.
 G = Mean time per level.
                   A        B        C        D        E       F      G
               +--------+--------+--------+--------+--------+-----+--------+
         Total |   5680 |   5322 |    358 |    120 |   3828 |  10 |  568.0 |
       Dungeon |   5476 |   5118 |    358 |    120 |   3755 |   8 |  684.5 |
         Abyss |     41 |     41 |      0 |      0 |      0 |   1 |   41.0 |
         Sewer |    162 |    162 |      0 |      0 |     73 |   1 |  162.0 |
               +--------+--------+--------+--------+--------+-----+--------+

Top non-repeatable levels by time:
     D:7: 1096 daAuts
     D:1: 963 daAuts
     D:3: 927 daAuts
     D:6: 856 daAuts
     D:2: 649 daAuts
     D:4: 495 daAuts
     D:5: 445 daAuts
   Sewer: 162 daAuts
 Abyss:1: 41 daAuts
     D:8: 41 daAuts
